 Dungeon Crawl Stone Soup version 0.30-a0-840-ga523dec638 (webtiles) character file.

Game seed: 13849204403241938387

972 Esekla the Covert (level 8, 0/54 HPs)
             Began as an Octopode Delver on Mar 1, 2023.
             Splashed by a jelly's acid (4 damage)
             ... on level 6 of the Dungeon.
             The game lasted 00:23:52 (2827 turns).

Esekla the Covert (Octopode Delver)                 Turns: 2827, Time: 00:23:52

Health: 0/54       AC: -6    Str: 11    XL:     8   Next: 16%
Magic:  12/12      EV: 14    Int: 15    God:
Gold:   161        SH:  0    Dex: 13    Spells: 10/13 levels left

rFire   . . .      SeeInvis .    a - +0 scimitar
rCold   . . .      Faith    .    (no shield)
rNeg    . . .      Spirit   .    k - +1 hat
rPois   .          Reflect  .    (no amulet)
rElec   .          Harm     .    (no ring)
rCorr   .          Rampage  .    (no ring)
Will    .....                    (no ring)
Stlth   ++++++                   (no ring)
HPRegen 0.29/turn                (no ring)
MPRegen 0.13/turn                (no ring)
                                 (no ring)
                                 (no ring)

@: corroded, studying Stealth
A: almost no armour, amphibious, 8 rings, camouflage 1, gelatinous body 1,
(nimble swimmer 1), tentacles
a: no special abilities


You were on level 6 of the Dungeon.
You visited 2 branches of the dungeon, and saw 4 of its levels.

You collected 161 gold pieces.

Inventory:

Hand Weapons
 a - a +0 scimitar (weapon)
 r - a +2 heavy spear
 s - a +2 dagger
 v - a +1 dagger of venom
Missiles
 e - 2 throwing nets
 n - 3 silver boomerangs (quivered)
Armour
 k - a +1 hat (worn)
Wands
 f - a wand of digging (3)
 i - a wand of iceblast (7)
 t - a wand of acid (6)
Scrolls
 b - a scroll of fog
 g - 2 scrolls of teleportation {unknown}
 h - a scroll of enchant weapon {unknown}
 l - a scroll of brand weapon {unknown}
 q - a scroll of enchant armour {unknown}
 u - 2 scrolls of amnesia
Potions
 c - a potion of attraction {unknown}
 j - a potion of curing {unknown}
 m - 2 potions of brilliance {unknown}
 o - 2 potions of mutation {unknown}
 p - a potion of degeneration {unknown}
 w - 3 potions of flight {unknown}
 x - a potion of heal wounds {unknown}


   Skills:
 * Level 4.7 Fighting
 + Level 1.4(2.8) Short Blades
 * Level 3.8(4.0) Long Blades
 + Level 0.2 Throwing
 * Level 3.9 Dodging
 + Level 12.1 Stealth
 * Level 3.0 Spellcasting
 * Level 1.4 Ice Magic


You had 10 spell levels left.
You knew the following spells:

 Your Spells              Type           Power      Damage    Failure   Level
r - Frozen Ramparts       Ice            12%        1d2       32%         3

Your spell library contained the following spells:

 Spells                   Type           Power      Damage    Failure   Level
 Shock                    Conj/Air       8%         1d3       21%         1
 Kindle Blastsparks       Fire/Tloc/Air  4%         2d10      52%         3
 Swiftness                Air            2%         N/A       52%         3
 Ice Form                 Ice/Tmut       4%         N/A       83%         4
 Summon Ice Beast         Ice/Summ       4%         N/A       83%         4
 Airstrike                Air            1%         2d(1-17)  89%         4
 Fulminant Prism          Conj/Hex       1%         3d5       89%         4
 Iskenderun's Mystic Bla  Conj/Tloc      2%         2d3       89%         4
 Lee's Rapid Deconstruct  Erth           1%         3d4*      99%         5


Dungeon Overview and Level Annotations

Branches:
Dungeon (6/15)             Temple (1/1) D:6

Altars:
Elyvilon
Kikubaaqudgha
Nemelex Xobeh
Okawaru
Ru
Sif Muna
Trog
Uskayaw
Vehumet
Wu Jian
Xom
Yredelemnul
Zin
The Shining One

Shops:
D:5 [:

Annotations:
D:6 1 runed translucent door, Crazy Yiuf


Innate Abilities, Weirdness & Mutations

You cannot wear most types of armour.
You are amphibious.
You can wear up to eight rings at the same time.
Your skin changes colour to match your surroundings (Stealth+).
Your rubbery body absorbs attacks. (AC +1, EV +1)
((You are camouflaged when in or above water. (Stealth+)))
You have tentacles for arms and can constrict up to eight enemies at once.


Message History

The scorpion stings you.
You hit the scorpion.
The scorpion looks as sick as possible!
You squeeze the scorpion.
You kill the scorpion!
Your +1 dagger of venom stops dripping with poison.
a - a +0 scimitar (weapon)
You hit the jelly but do no damage.
Your tentacles burn!
The jelly hits you but does no damage.
You slash the jelly!
Your tentacles burn!
The jelly is moderately wounded.
The jelly misses you.
You barely miss the jelly.
The jelly quivers.
You squeeze the jelly.
The jelly is moderately wounded.
The jelly closely misses you. The jelly barely misses you.
You hit the jelly but do no damage.
Your tentacles burn!
The jelly is moderately wounded.
The jelly barely misses you.
You slash the jelly!
Your tentacles burn!
The jelly is heavily wounded.
The jelly hits you.
You are splashed with acid!
You hit the jelly but do no damage.
Your tentacles burn!
You squeeze the jelly.
The jelly is severely wounded.
The jelly hits you. The acid corrodes you!
You are splashed with acid!
You hit the jelly. The acid corrodes you!
Your tentacles burn!
* * * LOW HITPOINT WARNING * * *
You squeeze the jelly, but do no damage.
The jelly is severely wounded.
The jelly closely misses you.
You hit the jelly.
Your tentacles burn!
* * * LOW HITPOINT WARNING * * *
The jelly is almost dead.
The jelly barely misses you. The jelly hits you.
* * * LOW HITPOINT WARNING * * *
You are splashed with acid!
* * * LOW HITPOINT WARNING * * *
The jelly barely misses you.
You hit the jelly but do no damage. The acid corrodes you!
Your tentacles burn!
You die...

.. #.#.h.#.#
#.#...#.# #.#.....
##.##..# #...#..###
.## #†#......# ....
###@J.#..#.##
#..#.J.........#
.#####....####..#..#
.. .'.........#
#.....# . ...#####.#
#.##..#
....s#...###.##..#
## #.#.###...##..#
.#..
#.s...######..###
J...
#...............#


You could see 2 jellies.

Vanquished Creatures
  Grinder (D:4)
  A black bear (D:6)
  3 scorpions
  2 wights
  4 hounds
  A gnoll bouda (D:6)
  5 iguanas
  8 gnolls
  2 adders (D:5)
  3 white imps
  2 ufetubi (D:5)
  7 orcs (D:5)
  3 endoplasms (D:4)
  2 giant cockroaches (D:4)
  2 hobgoblins (D:4)
  2 jackals (D:5)
  4 kobolds
52 creatures vanquished.

Notes
Turn   | Place    | Note
-------+----------+-------------------------------------------
     0 | D:5      | Esekla the Octopode Delver began the quest for the Orb.
     0 | D:5      | Reached XP level 1. HP: 16/16 MP: 1/1
    62 | D:5      | Noticed an iguana
    73 | D:5      | Noticed a scorpion
    77 | D:5      | Found Qicrob's Book Shoppe.
    87 | D:5      | Noticed a hound
    90 | D:5      | Killed a hound
    91 | D:5      | Reached skill level 7 in Stealth
    91 | D:5      | Reached XP level 2. HP: 21/21 MP: 2/2
    91 | D:5      | Reached XP level 3. HP: 26/26 MP: 3/3
   100 | D:5      | Found Bommeod's Armour Shop.
   170 | D:5      | Noticed an ice beast
   203 | D:5      | Reached skill level 8 in Stealth
   203 | D:5      | Reached skill level 1 in Spellcasting
   203 | D:5      | Reached XP level 4. HP: 25/31 MP: 5/5
   272 | D:5      | Killed a scorpion
   273 | D:5      | Reached skill level 9 in Stealth
   273 | D:5      | Reached XP level 5. HP: 34/36 MP: 6/6
   406 | D:4      | Reached XP level 6. HP: 27/43 MP: 8/8
   538 | D:4      | Reached skill level 10 in Stealth
   693 | D:4      | Noticed Grinder
   697 | D:4      | Killed Grinder
   698 | D:4      | Reached skill level 11 in Stealth
   698 | D:4      | Reached XP level 7. HP: 48/48 MP: 8/10
   786 | D:4      | Learned a level 3 spell: Frozen Ramparts
  1607 | D:6      | Found a white marble altar of Elyvilon.
  1664 | D:6      | Found a runed translucent door.
  1665 | D:6      | Noticed Crazy Yiuf
  1756 | D:6      | Found a staircase to the Ecumenical Temple.
  1778 | D:6      | Reached skill level 1 in Short Blades
  1808 | Temple   | Entered the Ecumenical Temple
  1808 | Temple   | Found a transporter.
  1808 | Temple   | Found a transporter.
  1810 | Temple   | Found a transporter.
  1810 | Temple   | Found a transporter.
  2278 | D:6      | Reached skill level 1 in Ice Magic
  2474 | D:6      | Reached skill level 12 in Stealth
  2474 | D:6      | Reached XP level 8. HP: 54/54 MP: 12/12
  2827 | D:6      | Splashed by a jelly's acid

Illustrated notes

Levels and vault maps discovered:
D:4:      layout_cave_pods, uniq_grinder
D:5:      layout_rooms, serial_shops, nicolae_shop_advertising_works
          [nicolae_subvault_shop_adworks], nicolae_shop_crystal
D:6:      nicolae_cairo_tiling_large, layout_loops_ring,
          nicolae_overflow_crystal_walls, minmay_temple_entry_crystal_x,
          kennysheep_potato, uniq_crazy_yiuf_cottage
Temple:   hellmonk_temple_divided_pantheon

Skill      XL: |  1  2  3  4  5  6  7 |
---------------+----------------------+-----
Stealth        | 7 8 9 11 12 | 12.1
Spellcasting   | 1 2 3 |  3.0
Dodging        | 3 |  3.9
Fighting       | 4 |  4.7
Long Blades    | 3 |  3.8
Short Blades   | 1 |  1.4
Ice Magic      | 1 |  1.4
Throwing       | |  0.2

Action                     |  1- 3 |  4- 6 |  7- 9 || total
---------------------------+-------+-------+-------++-------
  Melee: Tentacles         |     5 |     2 |    31 ||    38
         Falchion          |     5 |     4 |    36 ||    45
         Dagger            |     4 |    24 |    43 ||    71
         Constrict         |     3 |     5 |    20 ||    28
         Scimitar          |       |       |    12 ||    12
  Throw: Boomerang         |       |       |     5 ||     5
   Cast: Frozen Ramparts   |       |       |     2 ||     2
    Use: Scroll            |     1 |       |     2 ||     3
         Potion            |       |       |     2 ||     2
   Stab: Sleeping          |     3 |     8 |     7 ||    18
         Distracted        |       |       |     3 ||     3
 Armour: Skin              |       |     1 |     9 ||    10
  Dodge: Dodged            |     2 |     6 |    72 ||    80

Table legend: (Time is in decaauts)
 A = Elapsed time spent in this place.
 B = Non-inter-level travel time spent in this place.
 C = Inter-level travel time spent in this place.
 D = Time resting spent in this place.
 E = Time spent auto-exploring this place.
 F = Levels seen in this place.
 G = Mean time per level.
                   A        B        C        D        E       F      G
               +--------+--------+--------+--------+--------+-----+--------+
         Total |   2795 |   2795 |      0 |    792 |    230 |   4 |  698.8 |
       Dungeon |   2632 |   2632 |      0 |    665 |    230 |   3 |  877.3 |
        Temple |    162 |    162 |      0 |    127 |      0 |   1 |  162.0 |
               +--------+--------+--------+--------+--------+-----+--------+

Top non-repeatable levels by time:
     D:6: 952 daAuts
     D:4: 848 daAuts
     D:5: 831 daAuts
  Temple: 162 daAuts
